 Dungeon Crawl Stone Soup version 0.28.0-1-gb440e238dd (webtiles) character file.

Game seed: 8898927378243396577

54 fragbeetle the Changer (level 3, -3/28 HPs)
             Began as a Draconian Transmuter on Feb 25, 2022.
             Slain by Ijyb (5 damage)
             ... on level 3 of the Dungeon.
             The game lasted 00:02:47 (1963 turns).

fragbeetle the Changer (Draconian Transmuter)       Turns: 1963, Time: 00:02:47

Health: -3/28      AC:  6    Str: 14    XL:     3   Next: 66%
Magic:  6/6        EV: 12    Int: 13    God:
Gold:   69         SH:  0    Dex: 11    Spells: 5/6 levels left

rFire   . . .      SeeInvis .     - Unarmed
rCold   . . .      Faith    .   (no shield)
rNeg    . . .      Spirit   .   (armour unavailable)
rPois   .          Reflect  .   (helmet restricted)
rElec   .          Harm     .   d - +0 cloak
rCorr   .          Rampage  .   (no gloves)
Will    .....                   (no boots)
Stlth   +.........              (no amulet)
HPRegen 0.09/turn               (no ring)
MPRegen 0.10/turn               (no ring)

@: no status effects
A: AC +5, unfitting armour, cold-blooded
a: no special abilities


You were on level 3 of the Dungeon.
You visited 1 branch of the dungeon, and saw 3 of its levels.

You collected 69 gold pieces.

Inventory:

Missiles
 b - 4 poisoned darts
 e - 4 boomerangs
Armour
 d - a +0 cloak (worn)
Jewellery
 f - a ring of fire
Scrolls
 a - 3 scrolls of fear {unknown}
 h - a scroll of vulnerability {unknown}
Potions
 c - a potion of haste {unknown}
 g - a potion of degeneration {unknown}


   Skills:
 - Level 1.1 Fighting
 - Level 1.7 Dodging
 - Level 3.0 Unarmed Combat
 - Level 2.0 Spellcasting
 + Level 4.1 Transmutations


You had 5 spell levels left.
You knew the following spells:

 Your Spells              Type           Power      Damage    Failure   Level
a - Beastly Appendage     Tmut           24%        N/A       4%          1

Your spell library contained the following spells:

 Spells                   Type           Power      Damage    Failure   Level
 Wereblood                Tmut           12%        N/A       7%          2
 Spider Form              Tmut/Pois      6%         N/A       32%         3
 Gell's Gravitas          Tloc           1%         N/A       58%         3
 Teleport Other           Tloc           1%         N/A       58%         3
 Ice Form                 Ice/Tmut       6%         N/A       73%         4
 Dispersal                Tloc           0%         N/A       100%        6


Dungeon Overview and Level Annotations

Branches:
Dungeon (3/15)

Altars:

Annotations:
D:3 Ijyb


Innate Abilities, Weirdness & Mutations

Your plain brown scales are hard. (AC +5)
You cannot fit into any form of body armour.
You are cold-blooded and may be slowed by cold attacks.


Message History

* * * LOW HITPOINT WARNING * * *
Ijyb hits you with a +0 dagger.
* * * LOW HITPOINT WARNING * * *
You bump into the rock wall.
Ijyb zaps a wand.
Your will is overpowered!
You are more confused.
You barely miss Ijyb. Your kick misses Ijyb.
Ijyb is moderately wounded.
Ijyb hits you but does no damage.
You barely miss Ijyb. You claw Ijyb, but do no damage.
You headbutt Ijyb, but do no damage.
Ijyb is moderately wounded.
Ijyb hits you with a +0 dagger.
* * * LOW HITPOINT WARNING * * *
You hit Ijyb but do no damage. You claw Ijyb, but do no damage.
You headbutt Ijyb.
Ijyb is heavily wounded.
Your horns disappear.
Your talons disappear.
Ijyb hits you but does no damage.
You closely miss Ijyb. You tail-slap Ijyb, but do no damage.
Ijyb is heavily wounded.
Ijyb zaps a wand.
You resist with significant effort.
You bump into the rock wall.
Ijyb hits you with a +0 dagger.
* * * LOW HITPOINT WARNING * * *
You're too confused to move!
Ijyb misses you.
You hit Ijyb but do no damage.
Ijyb is heavily wounded.
Ijyb hits you but does no damage.
You barely miss Ijyb.
Your tail-slap misses Ijyb.
Ijyb is heavily wounded.
Ijyb hits you but does no damage.
You barely miss Ijyb.
Ijyb is heavily wounded.
You feel less confused.
You closely miss Ijyb.
Ijyb is heavily wounded.
Ijyb closely misses you.
You hit Ijyb but do no damage.
Ijyb is heavily wounded.
Ijyb hits you with a +0 dagger.
You die...

#.. ... #.#######(#
#.#.....#.#
#.#.###.#.######
..#.###.#.#...#......######
..........#.#<#.###........
#.###.#.#....########
#.......#g##.#
###.......@##.#
.........#####.# ########.#
#.# .... ..# ##.... ...
#########


You could see Ijyb.

Vanquished Creatures
  An adder (D:2)
  2 worms (D:2)
  2 giant cockroaches
  A hobgoblin (D:1)
  4 jackals (D:3)
  3 kobolds (D:1)
  2 quokkas (D:1)
  4 ball pythons
  5 bats
  4 frilled lizards
  6 goblins
  8 rats
42 creatures vanquished.

Notes
Turn   | Place    | Note
-------+----------+-------------------------------------------
     0 | D:1      | fragbeetle the Draconian Transmuter began the quest for the
                  | Orb.
     0 | D:1      | Reached XP level 1. HP: 16/16 MP: 3/3
   176 | D:1      | Reached XP level 2. HP: 6/23 MP: 3/5
   532 | D:1      | Found a faded altar of an unknown god.
   707 | D:1      | Reached skill level 3 in Transmutations
  1358 | D:2      | Reached XP level 3. HP: 16/28 MP: 4/6
  1766 | D:2      | Reached skill level 4 in Transmutations
  1892 | D:3      | Noticed Ijyb
  1963 | D:3      | Slain by Ijyb

Illustrated notes

Levels and vault maps discovered:
D:1:      amcnicky_arrival_underground_garden, layout_basic,
          shapermc_ecumenical_altar_starsandcircs
D:2:      layout_rooms, hangedman_decor_push
D:3:      layout_basic, minmay_fractal_squares_diagonal_5, uniq_ijyb

Skill      XL: |  1  2  3 |
---------------+----------+-----
Transmutations | 3 4 |  4.1
Fighting       | |  1.1
Dodging        | |  1.7
Unarmed Combat | |  3.0
Spellcasting   | |  2.0

Action                   || total
-------------------------++-------
Melee: Unarmed           ||   128
       Kick              ||    26
       Headbutt          ||    12
       Punch             ||     1
       Tailslap          ||     9
 Cast: Beastly Appendage ||    29
 Stab: Sleeping          ||     1
Armor: Skin              ||    38
Dodge: Dodged            ||    76
